 Dungeon Crawl Stone Soup version 0.28.0 (webtiles) character file.

Game seed: 7274057405744709402

459 NobodyHome the Chiller (level 7, 0/59 HPs)
             Began as an Ogre Ice Elementalist on Feb 9, 2022.
             Was a Believer of Ignis.
             Slain by an ogre (18 damage)
             ... on level 4 of the Dungeon on Feb 10, 2022.
             The game lasted 00:27:36 (5023 turns).

NobodyHome the Chiller (Ogre Ice Elementalist)      Turns: 5023, Time: 00:27:36

Health: 0/59       AC: 10    Str: 13    XL:     7   Next: 6%
Magic:  5/13       EV: 10    Int: 18    God:    Ignis [**....]
Gold:   96         SH:  0    Dex:  9    Spells: 7/14 levels left

rFire   + . .      SeeInvis .   m - +1 whip (flame)
rCold   . . .      Faith    .   z - orb {light}
rNeg    . . .      Spirit   .   a - +0 robe
rPois   .          Reflect  .   (helmet restricted)
rElec   .          Harm     .   (no cloak)
rCorr   .          Rampage  .   (gloves unavailable)
Will    .....                   (boots unavailable)
Stlth   +.........              (no amulet)
HPRegen 0.19/turn               (no ring)
MPRegen 0.13/turn               (no ring)

@: ice-armoured, very slightly contaminated, glowing
A: large, unfitting armour, tough skin 1
a: Renounce Religion, Fiery Armour, Foxfire Swarm, Rising Flame


You were on level 4 of the Dungeon.
You worshipped Ignis.
Ignis was pleased with you.
You visited 1 branch of the dungeon, and saw 4 of its levels.

You collected 96 gold pieces.

Inventory:

Hand Weapons
 c - a +0 whip of draining
 i - a +0 dagger of speed
 m - a +1 whip of flaming (weapon)
 t - a +1 flail of protection
 v - a +2 flail of protection
Missiles
 b - 4 poisoned darts
 h - 136 stones (quivered)
 u - 7 large rocks
Armour
 a - a +0 robe (worn)
 z - an orb of light (worn)
Wands
 j - a wand of acid (8)
Scrolls
 e - a scroll of fog {unknown}
 f - 2 scrolls of silence {unknown}
 g - a scroll of holy word {unknown}
 l - 2 scrolls of enchant weapon {unknown}
 n - a scroll of magic mapping {unknown}
 o - a scroll of teleportation {unknown}
 r - a scroll of noise {unknown}
 s - a scroll of identify {unknown}
 w - 2 scrolls of blinking {unknown}
 x - 3 scrolls of immolation {unknown}
 y - 3 scrolls of amnesia {unknown}
Potions
 d - 3 potions of curing {unknown}
 k - a potion of lignification {unknown}
 p - a potion of flight {unknown}
 q - a potion of heal wounds {unknown}


   Skills:
 - Level 2.0 Dodging
 - Level 2.0 Stealth
 - Level 4.0 Spellcasting
 + Level 6.7 Ice Magic


You had 7 spell levels left.
You knew the following spells:

 Your Spells              Type           Power      Damage    Failure   Level
a - Freeze                Ice            100%       1d11      1%          1
b - Ozocubu's Armour      Ice            28%        N/A       2%          3
c - Frozen Ramparts       Ice            56%        1d7       2%          3

Your spell library contained the following spells:

 Spells                   Type           Power      Damage    Failure   Level
 Hailstorm                Conj/Ice       15%        3d5       36%         4


Dungeon Overview and Level Annotations

Branches:
Dungeon (4/15)
 Temple: D:4-7

Altars:
Okawaru
Sif Muna
Vehumet
Ignis

Annotations:
D:4 2 runed translucent doors, edsrzf's ghost, amateur FoIE


Innate Abilities, Weirdness & Mutations

You are too large for most types of armour.
You have tough skin. (AC +1)


Message History

You open the door.
Found an iron altar of Okawaru.
Found an escape hatch in the floor.
u - 7 large rocks (gained 3)
You open the door.
An ogre comes into view. It is wielding a +0 giant club.
The ogre shouts!
Casting: Frozen Ramparts (dangerous; 2% risk of failure)
Confirm with . or Enter, or press ? or * to list all spells.
A film of ice covers your body! The ogre closely misses you.
Casting: Ozocubu's Armour (dangerous; 2% risk of failure)
Confirm with . or Enter, or press ? or * to list all spells.
Casting: Frozen Ramparts (dangerous; 2% risk of failure)
Press: ? - help, Dir - look around, f - activate This square is lit by a halo.
You miscast Frozen Ramparts.
You are very lightly contaminated with residual magic.
Nothing appears to happen.
The ogre hits you with a +0 giant club!
Casting: Frozen Ramparts (dangerous; 2% risk of failure)
Confirm with . or Enter, or press ? or * to list all spells.
Aiming: Freeze (safe; 1% risk of failure)
Press: ? - help, Shift-Dir - straight line, f - ogre
Aim: an ogre, wielding a +0 giant club (haloed)
You freeze the ogre.
The ogre is lightly wounded.
You barely miss the ogre.
The ogre is lightly wounded.
The ogre hits you with a +0 giant club!
Casting: Freeze (safe; 1% risk of failure)
Confirm with . or Enter, or press ? or * to list all spells.
Aiming: Freeze (safe; 1% risk of failure)
Press: ? - help, Shift-Dir - straight line, f/p - ogre
Aim: an ogre, wielding a +0 giant club (lightly wounded, haloed)
You freeze the ogre!
The ogre is moderately wounded.
The ogre hits you with a +0 giant club!
Activating: Foxfire Swarm
Press: ? - help, Dir - look around, f - activate Flames leap up around you!
The ogre hits you with a +0 giant club!!
You die...

≈# #.# .# ≈# #####.##
#.#.########≈# #......#
#....vvvvv..≈#
#......###.#.###@vv.§§+ ####
#......+>.....vOvvv.§≈# #...
#......#.#######vvv.§§# ###.
#......#.### #....§≈# #.
#..........# #######.≈## ####.
##.#####.#.# #.....#.≈§# ##....
#.# #.#.# #.....#§#######.###.
#.# #.#.###.....#.........###.
##.#####.........................


You could see an ogre (ally target).

Vanquished Creatures
  An ice beast (D:4)
  A scorpion (D:4)
  2 orc priests (D:3)
  An iguana (D:4)
  An orc wizard (D:3)
  6 gnolls
  4 adders
  An adder skeleton (D:4)
  A worm (D:3)
  A dart slug (D:2)
  11 orcs
  9 endoplasms
  5 giant cockroaches
  7 goblins
  4 hobgoblins
  8 jackals
  6 quokkas
  5 ball pythons
  7 bats
  5 frilled lizards
  7 kobolds
  A quokka skeleton (D:4)
  9 rats
103 creatures vanquished.

Vanquished Creatures (collateral kills)
  A foxfire (D:3)
1 creature vanquished.

Vanquished Creatures (others)
  29 foxfires (D:3)
  74 plants (D:3)
103 creatures vanquished.

Grand Total: 207 creatures vanquished

Notes
Turn   | Place    | Note
-------+----------+-------------------------------------------
     0 | D:1      | NobodyHome the Ogre Ice Elementalist began the quest for
                  | the Orb.
     0 | D:1      | Reached XP level 1. HP: 16/16 MP: 3/3
   201 | D:1      | Reached XP level 2. HP: 24/24 MP: 3/5
   815 | D:1      | Found a faded altar of an unknown god.
   820 | D:1      | Prayed at the altar of an unknown god.
   820 | D:1      | Became a worshipper of Ignis, the Dying Flame
   981 | D:2      | Reached XP level 3. HP: 31/31 MP: 7/7
   999 | D:1      | Learned a level 3 spell: Ozocubu's Armour
  1003 | D:1      | Learned a level 3 spell: Frozen Ramparts
  1375 | D:2      | Found a shimmering blue altar of Sif Muna.
  1560 | D:2      | Reached skill level 4 in Ice Magic
  1560 | D:2      | Reached XP level 4. HP: 39/39 MP: 1/9
  2393 | D:3      | Reached XP level 5. HP: 37/45 MP: 5/11
  2824 | D:3      | Found a radiant altar of Vehumet.
  2830 | D:3      | Reached skill level 5 in Ice Magic
  3216 | D:3      | Reached XP level 6. HP: 49/53 MP: 6/12
  3854 | D:4      | Noticed edsrzf's ghost (amateur FoIE)
  3854 | D:4      | Found a large runed translucent door.
  3854 | D:4      | Found a large runed translucent door.
  4260 | D:4      | Noticed an ice beast
  4274 | D:4      | Killed an ice beast
  4275 | D:4      | Reached skill level 6 in Ice Magic
  4561 | D:4      | Reached XP level 7. HP: 52/59 MP: 5/13
  4928 | D:4      | Found an iron altar of Okawaru.
  5023 | D:4      | Slain by an ogre

Illustrated notes

Levels and vault maps discovered:
D:1:      saegor_arrival_simple_d, layout_loops_ring,
          shapermc_ecumenical_altar_petra
D:2:      layout_basic, basic_altar
D:3:      wad_woods_stonehenge, layout_loops_ring, hangedman_decor_slide_cut,
          chequers_big_river
D:4:      layout_basic, lightli_temple_of_fire, general_overflow_altar,
          ebering_ghost_disaster_area

Skill      XL: |  1  2  3  4  5  6 |
---------------+-------------------+-----
Dodging        | 2 |  2.0
Spellcasting   | 3 4 |  4.0
Stealth        | 2 |  2.0
Ice Magic      | 4 5 6 |  6.7

Action                   |  1- 3 |  4- 6 |  7- 9 || total
-------------------------+-------+-------+-------++-------
Melee: Whip              |    66 |    86 |    10 ||   162
       Unarmed           |     5 |       |       ||     5
       Punch             |     2 |       |       ||     2
Throw: Stone             |    11 |    19 |     5 ||    35
 Cast: Freeze            |    25 |    11 |     3 ||    39
       Ozocubu's Armour  |     3 |    14 |     3 ||    20
       Frozen Ramparts   |     2 |    12 |     2 ||    16
Invok: Fiery Armour      |       |     3 |       ||     3
       Foxfire Swarm     |       |     2 |     1 ||     3
 Stab: Sleeping          |     1 |     2 |       ||     3
Armor: Robe              |    41 |    44 |     3 ||    88
Dodge: Dodged            |    53 |    61 |     5 ||   119
